 Dungeon Crawl Stone Soup version 0.32-a0-12-g7fc57aa741 (webtiles) character file.

Game seed: 12994185569135999654

6052 Bnni the Toxicologist (level 10, -7/71 HPs)
             Began as an Octopode Alchemist on Jan 14, 2024.
             Was an Initiate of Gozag.
             Mangled by a manticore (8 damage)
             ... on level 10 of the Dungeon.
             The game lasted 00:20:17 (9337 turns).

Bnni the Toxicologist (Octopode Alchemist)          Turns: 9337, Time: 00:20:17

Health: -7/71      AC:  1    Str:  8    XL:     10   Next: 87%
Magic:  3/20       EV: 13    Int: 22    God:    Gozag
Gold:   878        SH:  0    Dex: 12    Spells: 3/22 levels left

rFire   . . .        v - staff of conjuration
rCold   . . .        (no shield)
rNeg    . . .        (helmet restricted)
rPois   +            p - amulet of regeneration
rElec   .            f - +4 ring of slaying
rCorr   .            b - ring of poison resistance
SInv    .            (no ring)
Will    .....        (no ring)
Stlth   +++          (no ring)
HPRegen 1.11/turn    (no ring)
MPRegen 0.17/turn    (no ring)
                     (no ring)

%: no passive effects
@: spiked
A: almost no armour, amphibious, 8 rings, camouflage 1, gelatinous body 1,
(nimble swimmer 1), tentacles
a: Renounce Religion, Potion Petition, Call Merchant, Bribe Branch


You were on level 10 of the Dungeon.
You worshipped Gozag.
Gozag was pleased with you.
You visited 1 branch of the dungeon, and saw 10 of its levels.

You collected 2810 gold pieces.
You spent 1067 gold pieces at shops.
You paid 865 gold pieces to Gozag.

Inventory:

Hand Weapons
 i - a +2 short sword of venom
 o - a +2 dagger of draining
Missiles
 C - a curare-tipped dart
Magical Staves
 v - a staff of conjuration (weapon)
Jewellery
 b - a ring of poison resistance (right tentacle)
 f - a +4 ring of slaying (left tentacle)
 p - an amulet of regeneration (around mantle)
Wands
 x - a wand of roots (12)
 y - a wand of charming (9)
 A - a wand of mindburst (20)
 B - a wand of flame (13)
Scrolls
 d - 6 scrolls of teleportation
 e - 2 scrolls of fog
 j - 5 scrolls of vulnerability {unknown}
 l - a scroll of fear {unknown}
 m - a scroll of enchant armour {unknown}
 n - a scroll of noise {unknown}
 s - a scroll of brand weapon {unknown}
 w - 2 scrolls of revelation
Potions
 a - a potion of magic
 c - 2 potions of mutation
 g - a potion of attraction {unknown}
 h - a potion of lignification
 k - 2 potions of invisibility
 q - a potion of resistance
 r - a potion of berserk rage {unknown}
 t - 2 potions of ambrosia {unknown}
 u - 5 potions of curing
 z - 3 potions of enlightenment {unknown}


   Skills:
 + Level 7.0 Fighting
 + Level 2.4 Dodging
 - Level 2.6 Stealth
 + Level 6.8 Spellcasting
 * Level 6.9 Conjurations
 * Level 11.7 Alchemy


You had 3 spell levels left.
You knew the following spells:

 Your Spells              Type           Power      Damage    Failure   Level
a - Sting                 Conj/Alch      100%       1d9       1%          1
b - Mercury Vapours       Alch/Air       66%        N/A       1%          2
c - Mephitic Cloud        Conj/Alch/Air  51%        N/A       1%          3
d - Olgreb's Toxic Radia  Alch           56%        N/A       1%          4
e - Irradiate             Conj/Alch      32%        3d22      4%          5
f - Sticky Flame          Fire/Alch      33%        2d7       8%          4

Your spell library contained the following spells:

 Spells                   Type           Power      Damage    Failure   Level
 Stone Arrow              Conj/Erth      68%        3d11      6%          3
 Sandblast                Erth           14%        2d6       9%          1
 Slow                     Hex            28%        N/A       9%          1
 Sublimation of Blood     Necr           7%         N/A       13%         2
 Confusing Touch          Hex            7%         N/A       26%         3
 Passwall                 Erth           7%         N/A       26%         3
 Sigil of Binding         Hex            7%         N/A       26%         3
 Vampiric Draining        Necr           7%         2d6       26%         3
 Petrify                  Alch/Erth      33%        N/A       8%          4
 Eringya's Noxious Bog    Alch           28%        4d6       11%         6
 Brom's Barrelling Bould  Conj/Erth      34%        2d5       21%         4
 Summon Forest            Summ/Tloc      3%         N/A       93%         5
 Summon Hydra             Summ           3%         N/A       100%        7


Dungeon Overview and Level Annotations

Branches:
Dungeon (10/15)            Temple (0/1) D:7
   Lair: D:8-11         Orc: D:9-12

Altars:
Ashenzari
Cheibriados
Gozag
Hepliaklqana
Makhleb
Qazlal
Sif Muna
Yredelemnul
Zin

Shops:
D:2 [=:*   D:4 *   D:5 *   D:8 :


Innate Abilities, Weirdness & Mutations

You cannot wear most types of armour.
You are amphibious.
You can wear up to eight rings at the same time.
Your skin changes colour to match your surroundings (Stealth+).
Your rubbery body absorbs attacks. (AC +1, EV +1)
((You are camouflaged when in or above water. (Stealth+)))
You have tentacles for arms and can constrict up to eight enemies at once.


Message History

Aim: a manticore (heavily wounded, extremely poisoned, weak, chance to affect: 58%)
You feel a surge of power!
The ball explodes into a vile cloud!
The stinking cloud engulfs the manticore.
The manticore is heavily wounded.
Your toxic aura wanes.
You hear a shout! x2
The manticore is engulfed in noxious fumes.
Unknown command.
You closely miss the manticore. You squeeze the manticore!
The manticore is severely wounded.
The manticore is engulfed in noxious fumes.
The manticore closely misses you. The manticore claws you.
The manticore closely misses you.
Unknown command.
You hit the manticore.
The manticore is almost dead.
The manticore is no longer weakened.
The manticore is engulfed in noxious fumes.
The manticore misses you. The manticore barely misses you.
The manticore claws you!
Unknown command.
You are too injured to fight recklessly!
Unknown command.
Aiming: Sting (safe; 1% risk of failure)
Press: ? - help, Q - select action, (/) - cycle Shift-Dir - straight line, f/p - manticore
Aim: a manticore (noxious fumes, almost dead, very poisoned, 87% to hit)
You feel a surge of power!
The sting hits the manticore.
The manticore looks as sick as possible!
The manticore is almost dead.
The manticore is engulfed in noxious fumes.
The manticore completely misses you. The manticore claws you. x2
Unknown command.
You barely miss the manticore. Your squeeze misses the manticore.
The manticore is almost dead.
The manticore is engulfed in noxious fumes.
The manticore bites you!!
* * * LOW HITPOINT WARNING * * *
The manticore claws you!
You die...
Your body crumbles into a pile of gold.

.##...# ######
#.##...##.# ......
..........#
.######...........
.# ##~..# #.#.##.#
.###~..## #.#.##○#
.##≈~.~~###.#.##§#
.#~~~.~≈~##.#.##H#
................@#
.#..~~~≈###.#.####
...#~≈≈## #.#.#
..###≈## #.#.#
........ #.#.#
..######. #.#.#
..# #.#.# ..#
..#.#


You could see a manticore (extremely poisoned).

Vanquished Creatures
  A two-headed ogre (D:9)
  2 gargoyles
  Psyche (D:8)
  A troll (D:10)
  A hornet (D:9)
  Sigmund (D:6)
  A wyvern (D:9)
  A steam dragon (D:7)
  Edmund (D:5)
  An acid dragon (D:9)
  2 water moccasins
  3 orc warriors
  2 ice beasts (D:7)
  A sky beast (D:7)
  2 black bears
  4 centaurs
  2 phantoms (D:5)
  2 kobold brigands
  Blork the orc (D:6)
  2 bullfrogs (D:7)
  A scorpion (D:5)
  12 killer bees (D:9)
  An electric eel (D:10)
  4 howler monkeys (D:8)
  3 jellies
  2 bombardier beetles (D:5)
  7 hounds
  7 orc priests
  3 iguanas
  5 orc wizards
  Robin (D:2)
  4 adders
  7 gnolls (D:6)
  A shadow imp (D:7)
  2 white imps
  5 ufetubi
  2 dart slugs
  2 ribbon worms
  32 orcs
  4 bats
  7 endoplasms
  8 giant cockroaches
  8 goblins
  11 hobgoblins
  10 kobolds
  5 quokkas
  11 ball pythons
  2 frilled lizards
  4 rats
203 creatures vanquished.

Notes
Turn   | Place    | Note
-------+----------+-------------------------------------------
     0 | D:1      | Bnni the Octopode Alchemist began the quest for the Orb.
     0 | D:1      | Reached XP level 1. HP: 11/11 MP: 3/3
   493 | D:1      | Reached XP level 2. HP: 18/18 MP: 3/5
   811 | D:1      | Reached skill level 1 in Fighting
  1135 | D:1      | Reached XP level 3. HP: 16/23 MP: 4/6
  1138 | D:1      | Learned a level 2 spell: Mercury Vapours
  1179 | D:1      | Reached skill level 4 in Alchemy
  1276 | D:2      | Found Aczeng's Jewellery Shoppe.
  1420 | D:2      | Found Xeotomy's Armour Shoppe.
  1600 | D:2      | Found a faded altar of an unknown god.
  1879 | D:2      | Found Riptejenn's Book Emporium.
  1899 | D:2      | Found Vurak's General Store.
  1932 | D:2      | Identified the +0 helmet "Cepunei" {rN+ Str+6}
  1932 | D:2      | Noticed Robin
  1964 | D:2      | Killed Robin
  1965 | D:2      | Reached XP level 4. HP: 16/28 MP: 3/7
  2414 | D:3      | Learned a level 4 spell: Olgreb's Toxic Radiance
  2496 | D:3      | You fall into a shaft and drop 1 floor!
  2551 | D:3      | Identified the +0 pair of gloves of Siapiece {Int+3}
  3070 | D:4      | Reached skill level 5 in Alchemy
  3070 | D:4      | Reached XP level 5. HP: 34/34 MP: 0/9
  3319 | D:4      | Found a broken altar of Ashenzari.
  3454 | D:4      | Found Falemeo's Assorted Antiques.
  3461 | D:4      | Bought a puce potion for 21 gold pieces
  3469 | D:4      | Found a burning altar of Makhleb.
  3471 | D:4      | Found a hazy altar of Hepliaklqana.
  3606 | D:2      | Bought a ring of poison resistance for 220 gold pieces
  3662 | D:5      | Entered Level 5 of the Dungeon
  3697 | D:5      | Learned a level 3 spell: Mephitic Cloud
  3733 | D:5      | Reached XP level 6. HP: 32/41 MP: 6/10
  3871 | D:5      | Reached skill level 6 in Alchemy
  3928 | D:5      | Noticed a black bear
  3934 | D:5      | Killed a black bear
  3935 | D:5      | Reached XP level 7. HP: 44/46 MP: 7/12
  4224 | D:5      | Found a stormy altar of Qazlal.
  4283 | D:5      | Reached skill level 7 in Alchemy
  4392 | D:5      | Found an opulent altar of Gozag.
  4396 | D:5      | Found Gozag's Platinum Reserve.
  4400 | D:5      | Became a worshipper of Gozag Ym Sagoz the Greedy
  4506 | D:5      | Noticed Edmund
  4525 | D:5      | Killed Edmund
  4526 | D:5      | Reached XP level 8. HP: 45/54 MP: 3/14
  4536 | D:5      | Learned a level 4 spell: Sticky Flame
  4973 | D:6      | Reached skill level 8 in Alchemy
  5328 | D:6      | Found a snail-covered altar of Cheibriados.
  5357 | D:6      | Noticed Sigmund
  5365 | D:6      | Killed Sigmund
  5366 | D:6      | Reached skill level 5 in Spellcasting
  5505 | D:6      | Noticed Blork the orc
  5512 | D:6      | Killed Blork the orc
  5513 | D:6      | Reached skill level 5 in Fighting
  5724 | D:6      | Reached skill level 9 in Alchemy
  5731 | D:6      | Found a shimmering blue altar of Sif Muna.
  5920 | D:2      | Bought a book of Transmutation for 280 gold pieces
  5989 | D:7      | Reached XP level 9. HP: 26/61 MP: 1/17
  6259 | D:7      | Found a glowing silver altar of Zin.
  6575 | D:7      | Found a basalt altar of Yredelemnul.
  6690 | D:7      | Learned a level 5 spell: Irradiate
  6892 | D:7      | Found a staircase to the Ecumenical Temple.
  7130 | D:8      | Reached skill level 10 in Alchemy
  7326 | D:8      | Identified a scroll of acquirement
  7531 | D:8      | Noticed Psyche
  7538 | D:8      | Killed Psyche
  7676 | D:8      | Acquired 1184 gold pieces
  7681 | D:8      | Bought a Fen Folio for 546 gold pieces
  7763 | D:9      | Noticed a hornet
  7769 | D:9      | Killed a hornet
  7770 | D:9      | Reached skill level 5 in Conjurations
  7770 | D:9      | Reached XP level 10. HP: 36/68 MP: 8/19
  8055 | D:9      | Noticed a two-headed ogre
  8056 | D:9      | Noticed a gargoyle
  8443 | D:9      | Killed a gargoyle
  8444 | D:9      | Reached skill level 11 in Alchemy
  8638 | D:9      | Killed a two-headed ogre
  9000 | D:10     | Entered Level 10 of the Dungeon
  9076 | D:10     | Noticed a gargoyle
  9080 | D:10     | Killed a gargoyle
  9327 | D:10     | Noticed a manticore
  9337 | D:10     | HP: 1/71 [manticore (24)]
  9337 | D:10     | Mangled by a manticore

Illustrated notes

Levels and vault maps discovered:
D:1:      dpeg_cavernosity, layout_basic, minivault_5, minmay_misc_feat_chi
D:2:      layout_basic, serial_shops, shop_statue, nicolae_shop_trees, shop,
          shop, chequers_ecumenical_altar_island, uniq_robin
D:3:      layout_basic, roderic_cross_of_infinity, minmay_cut_off
D:4:      cheibrodos_helix_gallery, layout_rooms, cheibrodos_ashenzari_chains,
          jmf_multi_god_temple, serial_shops, nicolae_shop_peninsula
D:5:      nicolae_cairo_tiling_large, layout_loops_corners,
          mainiacjoe_overflow_tiny_flanked, nicolae_gozag_zags_fifth_avenue,
          minmay_stone_trees_medium, uniq_edmund
D:6:      layout_cave_pools, kennysheep_orc_sif_temple, old_standard_altar,
          chequers_serial_rivers_micro_b, kennysheep_small_circle,
          uniq_blork_the_orc, uniq_sigmund
D:7:      layout_basic, nicolae_overflow_hidden_temple, amcnicky_altar_gilded,
          minmay_temple_entry_junction
D:8:      layout_rooms, uniq_psyche
D:9:      layout_roguey, wad_rectangle_vault
D:10:     layout_basic, david_orc_2

Skill      XL: |  1  2  3  4  5  6  7  8  9 10 |
---------------+-------------------------------+-----
Fighting       | 1 2 3 4 5 6 7 |  7.0
Alchemy        | 4 5 6 7 9 10 11 | 11.7
Spellcasting   | 3 4 5 6 |  6.8
Conjurations   | 5 6 |  6.9
Dodging        | |  2.4
Stealth        | |  2.6

Action                     |  1- 3 |  4- 6 |  7- 9 | 10-12 || total
---------------------------+-------+-------+-------+-------++-------
  Melee: Spear             |     5 |       |       |       ||     5
         Short sword       |    41 |    64 |   101 |       ||   206
         Constrict         |    13 |    14 |    28 |    10 ||    65
         Tentacles         |     9 |    10 |    26 |     9 ||    54
         Punch             |       |     2 |     1 |     2 ||     5
         Staff             |       |       |       |    26 ||    26
   Cast: Sting             |    21 |    32 |    74 |    20 ||   147
         Mercury Vapours   |     2 |     4 |       |     4 ||    10
         Olgreb's Toxic Ra |       |       |    19 |    16 ||    35
         Mephitic Cloud    |       |       |     5 |     6 ||    11
         Sticky Flame      |       |       |       |     3 ||     3
         Irradiate         |       |       |       |     3 ||     3
 Invoke: Call Merchant     |       |       |     1 |       ||     1
    Use: Scroll            |       |     6 |     5 |     1 ||    12
         Potion            |       |       |     1 |       ||     1
   Stab: Sleeping          |     3 |    10 |     3 |       ||    16
 Armour: Skin              |    13 |    28 |   103 |    35 ||   179
  Dodge: Dodged            |    22 |    33 |    82 |    30 ||   167

Table legend: (Time is in decaauts)
 A = Elapsed time spent in this place.
 B = Non-inter-level travel time spent in this place.
 C = Inter-level travel time spent in this place.
 D = Time resting spent in this place.
 E = Time spent auto-exploring this place.
 F = Levels seen in this place.
 G = Mean time per level.
                   A        B        C        D        E       F      G
               +--------+--------+--------+--------+--------+-----+--------+
         Total |   9353 |   8843 |    510 |    261 |   7264 |  10 |  935.3 |
       Dungeon |   9353 |   8843 |    510 |    261 |   7264 |  10 |  935.3 |
               +--------+--------+--------+--------+--------+-----+--------+

Top non-repeatable levels by time:
     D:9: 1388 daAuts
     D:5: 1322 daAuts
     D:1: 1275 daAuts
     D:7: 1042 daAuts
     D:6: 1004 daAuts
     D:2: 937 daAuts
     D:3: 858 daAuts
     D:4: 686 daAuts
     D:8: 561 daAuts
    D:10: 277 daAuts
